 Dungeon Crawl Stone Soup version 0.29-a0-284-gf9362112df (webtiles) character file.

Game seed: 16436426305308764941

127 timneilson the Shield-Bearer (level 5, -2/33 HPs)
             Began as a Gargoyle Fighter on Mar 27, 2022.
             Blown up by Ijyb (5 damage)
             ... with a mindburst bolt
             ... on level 4 of the Dungeon.
             The game lasted 00:03:51 (2638 turns).

timneilson the Shield-Bearer (Gargoyle Fighter)     Turns: 2638, Time: 00:03:52

Health: -2/33      AC: 15    Str: 22    XL:     5   Next: 11%
Magic:  0/5        EV:  7    Int:  8    God:
Gold:   168        SH:  4    Dex:  9    Spells: 4/4 levels left

rFire   . . .      SeeInvis .   a - +0 long sword
rCold   . . .      Faith    .   c - +0 buckler
rNeg    + . .      Spirit   +   m - +0 chain mail
rPois   ∞          Reflect  .   r - +0 helmet
rElec   +          Harm     .   i - +0 cloak
rCorr   +          Rampage  .   (no gloves)
Will    .....                   (no boots)
Stlth   ..........              o - amulet of guardian spirit
HPRegen 0.11/turn               h - ring of resist corrosion
MPRegen 0.09/turn               (no ring)

@: no status effects
A: sickness immunity, AC +4, negative energy resistance 1, electricity
resistance, torment resistance 1, petrification resistance
a: no special abilities


You were on level 4 of the Dungeon.
You visited 1 branch of the dungeon, and saw 4 of its levels.

You collected 168 gold pieces.

Inventory:

Hand Weapons
 a - a +0 long sword (weapon)
Armour
 c - a +0 buckler (worn)
 i - a +0 cloak (worn)
 m - a +0 chain mail (worn)
 r - a +0 helmet (worn)
Jewellery
 h - a ring of resist corrosion (left hand)
 o - an amulet of guardian spirit (around neck)
Scrolls
 b - a scroll of teleportation
 j - a scroll of amnesia
Potions
 d - a potion of might
 e - a potion of mutation
 n - 2 potions of lignification
 s - 3 potions of flight


   Skills:
 + Level 3.6 Fighting
 * Level 2.7 Long Blades
 * Level 4.2 Armour
 + Level 1.0 Dodging
 * Level 4.3 Shields


You had 4 spell levels left.
You didn't know any spells.
Your spell library contained the following spells:

 Spells                   Type           Power      Damage    Failure   Level
 Corpse Rot               Necr/Air       0%         N/A       100%        2
 Poisonous Vapours        Pois/Air       0%         N/A       100%        2


Dungeon Overview and Level Annotations

Branches:
Dungeon (4/15)
 Temple: D:4-7

Altars:

Annotations:
D:4 Ijyb


Innate Abilities, Weirdness & Mutations

You are immune to sickness and miasma.
Your stone body is resilient. (AC +4)
You are immune to poison.
You resist negative energy. (rN+)
You are resistant to electric shocks. (rElec)
You are resistant to unholy torment.
You are immune to petrification.


Message History

It was a potion of cancellation.
Your magical effects are unravelling.
You feel magically purged. The hound barely misses you.
The kobold barely misses you. You block Ijyb's attack.
You feel less attractive to monsters.
It was a potion of heal wounds.
You feel much better. The hound bites you but does no damage.
The hound barely misses you. The kobold hits you but does no damage.
Ijyb screams, "Get away!"
Ijyb hits you but does no damage.
You closely miss Ijyb.
Ijyb is moderately wounded.
You block the hound's attack. Ijyb hits you with a +0 dagger.
The hound bites you but does no damage. The kobold barely misses you.
You closely miss Ijyb.
Ijyb is moderately wounded.
You block the hound's attack. Ijyb hits you but does no damage.
The kobold hits you but does no damage. You block the hound's attack.
You hit Ijyb but do no damage.
Ijyb is moderately wounded.
The hound barely misses you.
Ijyb zaps a wand.
Your mind is blasted!
The kobold hits you but does no damage. The hound bites you but does no damage.
Ijyb zaps a wand.
Your mind is blasted!
You block the kobold's attack.
You miss Ijyb.
Ijyb is moderately wounded.
The hound bites you but does no damage. Ijyb hits you but does no damage.
You block the kobold's attack. The hound bites you but does no damage.
You closely miss Ijyb.
Ijyb is moderately wounded.
The hound bites you but does no damage. The kobold hits you but does no damage.
Ijyb zaps a wand.
Your mind is blasted!
Ouch! That really hurt!
* * * LOW HITPOINT WARNING * * *
The hound bites you but does no damage.
You slash Ijyb!
Ijyb is severely wounded.
The hound bites you but does no damage. The kobold hits you with a +0 dagger.
* * * LOW HITPOINT WARNING * * *
Ijyb zaps a wand.
Your mind is blasted!
You die...

### .. #. ########
####.## #.(.....
.....# #.....## #gh##
#.....# #.@.# #.....#
#K#.## ###...# #.#..#
#...#
####.##.#########...##
......................
####.###.########....#
#. #+# #....# #.
#....# #....#


You could see Ijyb, a hound and a kobold.

Vanquished Creatures
  A hound (D:4)
  3 adders (D:3)
  An ufetubus (D:2)
  2 worms
  2 dart slugs (D:2)
  6 orcs (D:3)
  3 bats
  2 endoplasms
  3 giant cockroaches
  4 goblins
  7 hobgoblins
  3 kobolds
  9 ball pythons
  A frilled lizard (D:1)
  2 rats (D:1)
49 creatures vanquished.

Vanquished Creatures (others)
  2 plants (D:3)
2 creatures vanquished.

Grand Total: 51 creatures vanquished

Notes
Turn   | Place    | Note
-------+----------+-------------------------------------------
     0 | D:1      | timneilson the Gargoyle Fighter began the quest for the
                  | Orb.
     0 | D:1      | Reached XP level 1. HP: 14/14 MP: 1/1
   205 | D:1      | Reached XP level 2. HP: 19/19 MP: 2/2
   771 | D:2      | Reached XP level 3. HP: 17/23 MP: 3/3
   934 | D:2      | Noticed a floating eye
   936 | D:2      | Found a faded altar of an unknown god.
   939 | D:2      | Noticed a shining eye
   946 | D:2      | Noticed a shining eye
   955 | D:2      | Noticed an eye of devastation
  1389 | D:3      | Reached XP level 4. HP: 28/28 MP: 4/4
  1769 | D:3      | HP: 1/28 [worm (6)]
  2248 | D:4      | Reached skill level 1 in Dodging
  2248 | D:4      | Reached XP level 5. HP: 22/33 MP: 3/5
  2622 | D:4      | Noticed Ijyb
  2638 | D:4      | Blown up by Ijyb

Illustrated notes

Levels and vault maps discovered:
D:1:      dpeg_arrival_signposts, layout_rooms, minmay_pentomino_t2
D:2:      layout_rooms, hellmonk_ecumenical_altar_watching_god
D:3:      layout_basic, minmay_shallow_snake_nest
D:4:      layout_basic, gammafunk_ghost_gnarly_gnolls,
          kennysheep_generic_room_2, uniq_ijyb

Skill      XL: |  1  2  3  4 |
---------------+-------------+-----
Long Blades    | 2 |  2.7
Shields        | 4 |  4.3
Armour         | 4 |  4.2
Dodging        | 1 |  1.0
Fighting       | |  3.6

Action                   |  1- 3 |  4- 6 || total
-------------------------+-------+-------++-------
Melee: Long sword        |   119 |   127 ||   246
  Use: Scroll            |     4 |     5 ||     9
       Potion            |     4 |     3 ||     7
Armor: Scale mail        |    27 |       ||    27
       Chain mail        |    67 |   105 ||   172
Dodge: Dodged            |    72 |    49 ||   121
Block: Buckler           |    24 |    42 ||    66

Table legend: (Time is in decaauts)
 A = Elapsed time spent in this place.
 B = Non-inter-level travel time spent in this place.
 C = Inter-level travel time spent in this place.
 D = Time resting spent in this place.
 E = Time spent auto-exploring this place.
 F = Levels seen in this place.
 G = Mean time per level.
                   A        B        C        D        E       F      G
               +--------+--------+--------+--------+--------+-----+--------+
         Total |   2697 |   2658 |     39 |    237 |   1792 |   4 |  674.2 |
       Dungeon |   2697 |   2658 |     39 |    237 |   1792 |   4 |  674.2 |
               +--------+--------+--------+--------+--------+-----+--------+

Top non-repeatable levels by time:
     D:3: 1167 daAuts
     D:1: 589 daAuts
     D:2: 501 daAuts
     D:4: 439 daAuts
